 Dungeon Crawl Stone Soup version 0.29.1-1-gd02db6906a (webtiles) character file.

Game seed: 1034898438727639340

247 halvedace the Chopper (level 5, -1/47 HPs)
             Began as a Minotaur Berserker on Oct 17, 2022.
             Was a Believer of Trog.
             Slain by a gnoll
             ... wielding a +0 spear
             ... led by a gnoll bouda
              (9 damage)
             ... on level 4 of the Dungeon.
             The game lasted 00:09:18 (2547 turns).

halvedace the Chopper (Minotaur Berserker)          Turns: 2547, Time: 00:09:19

Health: -1/47      AC:  5    Str: 24    XL:     5   Next: 85%
Magic:  4/4        EV: 12    Int:  7    God:    Trog [**....]
Gold:   194        SH:  0    Dex:  9    Spells: 4/4 levels left

rFire   . . .      SeeInvis +   a - +1 hand axe
rCold   . . .      Faith    .   (no shield)
rNeg    . . .      Spirit   .   c - +0 leather armour
rPois   .          Reflect  .   (helmet restricted)
rElec   .          Harm     .   (no cloak)
rCorr   .          Rampage  .   b - +1 pair of gloves of Light {Int+3 SInv Stlth+}
Will    .....                   (no boots)
Stlth   ++........              (no amulet)
HPRegen 0.15/turn               (no ring)
MPRegen 0.09/turn               (no ring)

@: no status effects
A: horns 2, retaliatory headbutt
a: Renounce Religion, Berserk, Trog's Hand


You were on level 4 of the Dungeon.
You worshipped Trog.
Trog was pleased with you.
You visited 1 branch of the dungeon, and saw 5 of its levels.

You collected 194 gold pieces.

Inventory:

Hand Weapons
 a - a +1 hand axe (weapon)
 e - a +0 club
Missiles
 i - 3 throwing nets (quivered)
Armour
 b - the +1 pair of gloves of Light (worn) {Int+3 SInv Stlth+}
   (You acquired it on level 1 of the Dungeon)

   Int:       It affects your intelligence (+3).
   SInv:      It lets you see invisible.
   Stlth:     It makes you more stealthy.
 c - a +0 leather armour (worn)
Scrolls
 f - 4 scrolls of teleportation
Potions
 d - 3 potions of curing
 g - a potion of degeneration {unknown}
 h - a potion of invisibility


   Skills:
 + Level 4.7 Fighting
 + Level 6.0 Axes
 + Level 3.0 Armour
 + Level 3.3 Dodging
 + Level 1.5 Stealth


You had 4 spell levels left.
You didn't know any spells.
Your spell library was empty.

Dungeon Overview and Level Annotations

Branches:
Dungeon (5/15)
 Temple: D:4-7

Altars:
Hepliaklqana
Wu Jian


Innate Abilities, Weirdness & Mutations

You have a pair of horns on your head.
You reflexively headbutt those who attack you in melee.


Message History

The gnoll bouda barks out a call to the hunt!
The gnolls pick up the pace!
You completely miss the gnoll bouda. You headbutt the gnoll bouda.
The gnoll bouda is almost dead.
The gnoll bouda prays to its god.
The gnoll bouda is healed somewhat.
You slash the gnoll bouda!
The gnoll bouda is almost dead.
The gnoll bouda gazes fiercely through you!
You feel your attacks grow feeble. The gnoll bouda closely misses you.
You furiously retaliate!
You headbutt the gnoll bouda.
You kill the gnoll bouda!
Trog accepts your kill.
Your Axes skill increases to level 6!
Your Armour skill increases to level 3!
A hound comes into view.
Found a potion of invisibility.
The gnoll hits you with a +0 club.
An iguana comes into view.
The gnoll hits you from afar with a +0 spear!
You are too injured to fight recklessly!
You are too injured to fight recklessly!
You are too injured to fight recklessly!
You closely miss the gnoll. You hit the gnoll. The gnoll closely misses you.
The gnoll hits you with a +0 club.
The gnoll hits you from afar with a +0 spear.
* * * LOW HITPOINT WARNING * * *
You hit the gnoll.
The gnoll is heavily wounded.
You closely miss the gnoll. The gnoll misses you. You furiously retaliate!
You headbutt the gnoll. The gnoll hits you but does no damage.
The gnoll closely misses you.
You hit the gnoll but do no damage.
The gnoll is heavily wounded.
You barely miss the gnoll.
Your attacks no longer feel as feeble.
The gnoll hits you with a +0 club.
* * * LOW HITPOINT WARNING * * *
The gnoll closely misses you.
The gnoll hits you from afar with a +0 spear!
You die...

#...........#....
#................
..........†......
#...........#
.......>....#
..#.........#
#...†.....#
###....#..#
##..##@)#
#...##gg..#
#....##hg......
#............#.
#...........l##
#... .........
..........
......!....


You could see an iguana, a hound and 3 gnolls.

Vanquished Creatures
  A scorpion (D:4)
  An orc priest (D:5)
  A gnoll bouda (D:4)
  5 adders
  A dart slug (D:3)
  6 orcs
  4 endoplasms
  5 giant cockroaches
  5 hobgoblins
  9 jackals
  4 kobolds
  2 quokkas
  7 ball pythons
  3 bats
  7 frilled lizards
  7 goblins
  5 rats
73 creatures vanquished.

Notes
Turn   | Place    | Note
-------+----------+-------------------------------------------
     0 | D:1      | halvedace the Minotaur Berserker began the quest for the
                  | Orb.
     0 | D:1      | Reached XP level 1. HP: 19/19 MP: 0/0
   100 | D:1      | Identified a scroll of acquirement
   101 | D:1      | Acquired the +1 pair of gloves of Light {Int+3 SInv Stlth+}
   134 | D:1      | Found a faded altar of an unknown god.
   139 | D:1      | Reached skill level 4 in Axes
   139 | D:1      | Reached XP level 2. HP: 27/27 MP: 1/1
   407 | D:1      | Reached XP level 3. HP: 32/33 MP: 2/2
   941 | D:2      | Reached ** piety under Trog
  1045 | D:2      | Reached XP level 4. HP: 34/41 MP: 3/3
  1514 | D:2      | Found a hazy altar of Hepliaklqana.
  1711 | D:3      | Reached skill level 5 in Axes
  2085 | D:3      | Found an ornate altar of the Wu Jian Council.
  2435 | D:3      | You fall into a shaft and drop 2 floors!
  2435 | D:5      | Entered Level 5 of the Dungeon
  2468 | D:5      | Reached skill level 1 in Stealth
  2468 | D:5      | Reached XP level 5. HP: 36/47 MP: 4/4
  2544 | D:4      | Reached skill level 6 in Axes
  2547 | D:4      | Slain by a gnoll

Illustrated notes

Levels and vault maps discovered:
D:1:      kennysheep_arrival_forest, layout_rooms,
          hellmonk_ecumenical_altar_dog_temple, minmay_misc_feat_hallway,
          minmay_split_cup_small
D:2:      layout_loops_ring, basic_altar
D:3:      layout_loops_corners, nicolae_wu_jian_wuxing_cycle, serial_glass,
          glass_columns_c, glass_columns_a, hangedman_glass_teeth
D:4:      layout_cave_pools, fedhas_altar_1, eat_drink_and_be_merry_uskayaw
D:5:      layout_rooms, tgw_trog, minmay_temple_entry_poolview

Skill      XL: |  1  2  3  4  5 |
---------------+----------------+-----
Axes           | 4 5 6 |  6.0
Fighting       | 4 |  4.7
Dodging        | 3 |  3.3
Stealth        | 1 |  1.5
Armour         | 3 |  3.0

Action                   |  1- 3 |  4- 6 || total
-------------------------+-------+-------++-------
Melee: Hand axe          |    75 |    72 ||   147
       Headbutt          |    10 |     8 ||    18
  Use: Scroll            |     7 |     2 ||     9
       Potion            |     6 |       ||     6
 Stab: Sleeping          |     2 |     3 ||     5
       Invisible         |     1 |       ||     1
Armor: Leather armour    |    22 |    19 ||    41
       Animal skin       |     2 |       ||     2
Dodge: Dodged            |    49 |    49 ||    98
